 Dungeon Crawl Stone Soup version 0.29.1-1-gd02db6906a (webtiles) character file.

Game seed: 14712838447322784386

152 mortz the Sneak (level 5, 0/28 HPs)
             Began as a Kobold Earth Elementalist on Oct 12, 2022.
             Slain by Terence
             ... wielding a +0 flail
              (9 damage)
             ... on level 3 of the Dungeon.
             The game lasted 00:13:53 (2937 turns).

mortz the Sneak (Kobold Earth Elementalist)         Turns: 2937, Time: 00:13:54

Health: 0/28       AC:  8    Str:  6    XL:     5   Next: 60%
Magic:  6/10       EV: 14    Int: 18    God:
Gold:   221        SH:  0    Dex: 15    Spells: 7/10 levels left

rFire   . . .      SeeInvis .   a - staff of earth
rCold   + . .      Faith    .   (shield currently unavailable)
rNeg    . . .      Spirit   .   h - +3 leather armour
rPois   .          Reflect  .   (no helmet)
rElec   .          Harm     .   e - scarf {repulsion}
rCorr   .          Rampage  .   j - +1 pair of gloves
Will    .....                   (no boots)
Stlth   +++.......              (no amulet)
HPRegen 0.09/turn               m - ring of protection from cold
MPRegen 0.12/turn               (no ring)

@: repel missiles
A: small, no large weapons, nightstalker 3
a: no special abilities


You were on level 3 of the Dungeon.
You visited 1 branch of the dungeon, and saw 3 of its levels.

You collected 221 gold pieces.

Inventory:

Hand Weapons
 b - a +3 dagger of electrocution
 f - a +0 short sword
 i - a +0 hand axe
 s - a +0 dagger
Armour
 e - a scarf of repulsion (worn)
 h - a +3 leather armour (worn)
 j - a +1 pair of gloves (worn)
 n - a +0 robe
Magical Staves
 a - a staff of earth (weapon)
 r - a staff of poison
Jewellery
 m - a ring of protection from cold (left hand)
Wands
 g - a wand of iceblast (12)
Scrolls
 c - a scroll of fear
 d - 2 scrolls of fog
 k - a scroll of amnesia
Potions
 l - a potion of curing {unknown}
 p - 2 potions of might
 q - a potion of mutation {unknown}


   Skills:
 + Level 0.4 Fighting
 + Level 1.0 Short Blades
 + Level 0.1 Armour
 + Level 2.7 Dodging
 + Level 4.1 Stealth
 + Level 0.4 Unarmed Combat
 + Level 3.4 Spellcasting
 * Level 1.0 Conjurations
 + Level 1.0 Transmutations
 * Level 4.0 Earth Magic


You had 7 spell levels left.
You knew the following spells:

 Your Spells              Type           Power      Damage    Failure   Level
a - Sandblast             Erth           52%        2d12      4%          1
b - Passwall              Tmut/Erth      15%        N/A       13%         2

Your spell library contained the following spells:

 Spells                   Type           Power      Damage    Failure   Level
 Stone Arrow              Conj/Erth      36%        3d9       26%         3
 Petrify                  Tmut/Erth      18%        N/A       65%         4


Dungeon Overview and Level Annotations

Branches:
Dungeon (3/15) Zot: 15008

Altars:
Wu Jian
Xom

Annotations:
D:3 Terence


Innate Abilities, Weirdness & Mutations

You are small and have problems with some larger weapons.
You are completely attuned to the shadows.


Message History

Terence attacks as you move away! Terence hits you with a +0 flail.
Terence attacks as you move away! Terence barely misses you.
Terence shouts, "Get ready for death!"
Terence attacks as you move away! Terence hits you but does no damage.
Terence attacks as you move away! Terence misses you.
Terence attacks as you move away! Terence hits you with a +0 flail!
There is an open door here.
Terence attacks as you move away! Terence barely misses you.
Terence attacks as you move away! Terence barely misses you.
There is an open door here.
Terence attacks as you move away! Terence closely misses you.
Terence attacks as you move away! Terence hits you but does no damage.
You feel a surge of power!
The blast of sand hits Terence but does no damage.
Terence is lightly wounded.
Terence hits you but does no damage. Terence looks scornfully at you.
Terence barely misses you.
You feel a surge of power!
The blast of sand hits Terence but does no damage.
Terence is lightly wounded.
Terence misses you.
You feel a surge of power!
The blast of sand hits Terence.
Terence is moderately wounded.
Terence hits you with a +0 flail. Terence closely misses you.
Terence attacks as you move away! Terence completely misses you.
Terence attacks as you move away! Terence hits you but does no damage.
Casting: Sandblast (safe; 4% risk of failure)
Confirm with . or Enter, or press ? or * to list all spells.
Aiming: Passwall (safe; 13% risk of failure)
Press: ? - help, Dir - move target, p - Terence A rock wall.
You feel a surge of power! Terence barely misses you.
You begin to meditate on the wall.
You continue meditating on the rock.
Terence hits you with a +0 flail.
You continue meditating on the rock.
Terence hits you with a +0 flail.
You continue meditating on the rock.
Terence hits you with a +0 flail!
You die...

.#...##
....†.############
.....#...........#
.......#########.####
###.#### #........#
#)# #.###.##[# ##o##
#.# #[##.# ##...##
#.###.##.# #.....##
#.#.@@##.# .......##
#...####.#
........####...## #.#
........'.......###.#
........####....<)..#
.......## ##..######
#.....## ##.###
##...## #...# ##'##
###.#


You could see Terence.

Vanquished Creatures
  2 orc wizards (D:3)
  2 adders
  4 worms
  A dart slug (D:1)
  5 orcs (D:3)
  6 ball pythons
  3 bats
  2 endoplasms
  4 giant cockroaches
  4 goblins
  4 hobgoblins
  5 jackals (D:1)
  4 quokkas
  A frilled lizard (D:1)
  10 kobolds
  9 rats
66 creatures vanquished.

Vanquished Creatures (others)
  A fungus (D:1)
  A plant (D:1)
2 creatures vanquished.

Grand Total: 68 creatures vanquished

Notes
Turn   | Place    | Note
-------+----------+-------------------------------------------
     0 | D:1      | mortz the Kobold Earth Elementalist began the quest for the
                  | Orb.
     0 | D:1      | Reached XP level 1. HP: 10/10 MP: 3/3
   121 | D:1      | Found a faded altar of an unknown god.
   123 | D:1      | Reached XP level 2. HP: 15/15 MP: 3/5
   126 | D:1      | Learned a level 2 spell: Passwall
   566 | D:1      | Reached XP level 3. HP: 19/19 MP: 6/6
  1488 | D:2      | Reached XP level 4. HP: 24/24 MP: 2/8
  2010 | D:2      | Identified a scroll of acquirement
  2010 | D:2      | Acquired a staff of earth
  2310 | D:3      | Found a shimmering altar of Xom.
  2314 | D:3      | Found an ornate altar of the Wu Jian Council.
  2352 | D:3      | Reached skill level 1 in Short Blades
  2458 | D:3      | Reached XP level 5. HP: 23/28 MP: 2/9
  2827 | D:3      | Reached skill level 1 in Conjurations
  2888 | D:3      | Noticed Terence
  2937 | D:3      | Slain by Terence

Illustrated notes

Levels and vault maps discovered:
D:1:      dpeg_arrival_pits, layout_basic, shapermc_ecumenical_altar_rom_forum
D:2:      layout_basic, dreamdust_wishing_well, minmay_misc_feat_five
D:3:      layout_loops_corners, grunt_temple_overflow_open, uniq_terence

Skill      XL: |  1  2  3  4  5 |
---------------+----------------+-----
Stealth        | 3 4 |  4.1
Spellcasting   | 3 |  3.4
Short Blades   | 1 |  1.0
Conjurations   | 1 |  1.0
Earth Magic    | 4 |  4.0
Fighting       | |  0.4
Armour         | |  0.1
Dodging        | |  2.7
Unarmed Combat | |  0.4
Transmutations | |  1.0

Action                   |  1- 3 |  4- 6 || total
-------------------------+-------+-------++-------
Melee: Short sword       |     9 |     2 ||    11
       Unarmed           |     3 |       ||     3
       Punch             |     1 |       ||     1
       Staff             |       |    13 ||    13
       Dagger            |       |     4 ||     4
 Cast: Sandblast         |    52 |    51 ||   103
       Passwall          |       |     1 ||     1
  Use: Potion            |     1 |       ||     1
       Scroll            |     2 |     7 ||     9
 Stab: Sleeping          |     7 |    10 ||    17
Armor: Leather armour    |     5 |    20 ||    25
       Robe              |     2 |       ||     2
Dodge: Dodged            |    29 |    50 ||    79
